 Dungeon Crawl Stone Soup version 0.23.1 (webtiles) character file.

Game seed: 10047990344980684901

114 Borgoz the Sneak (level 4, -2/33 (35) HPs)
             Began as a Ghoul Enchanter on Mar 3, 2019.
             Was an Initiate of Ashenzari.
             Slain by an iguana (9 damage)
             ... on level 4 of the Dungeon.
             The game lasted 00:04:07 (2690 turns).

Borgoz the Sneak (Ghoul Enchanter)                  Turns: 2690, Time: 00:04:08

HP:   -2/33 (35)    AC:  3    Str: 11    XL:     4   Next: 97%
MP:   6/6           EV: 12    Int: 10    God:    Ashenzari [......]
Gold: 161           SH:  0    Dex: 10    Spells: 6/7 levels left

rFire    . . .     SeeInvis .   a - +1 dagger
rCold    + + .     Gourm    .   (no shield)
rNeg     + + +     Faith    .   n - +0 robe
rPois    ∞         Spirit   .   (no helmet)
rElec    .         Reflect  .   g - +0 cloak
rCorr    .         Harm     .   (no gloves)
MR       .....                  (no boots)
Stlth    ++........             (no amulet)
HPRegen  0.00/turn              o - ring of protection from cold
MPRegen  0.10/turn              (no ring)

@: rotting
A: rotting body, claws 1, carnivore, cold resistance 1, negative energy
resistance 3, inhibited regeneration, torment resistance, unbreathing
a: Curse Item, Renounce Religion


You were on level 4 of the Dungeon.
You worshipped Ashenzari.
Ashenzari was noncommittal.
You were not hungry.

You visited 1 branch of the dungeon, and saw 4 of its levels.

You collected 161 gold pieces.

Inventory:

Hand Weapons
 a - a +1 dagger (weapon)
 b - a +0 blowgun
Missiles
 l - 8 poisoned needles
Armour
 g - a +0 cloak (worn)
 n - a +0 robe (worn)
Jewellery
 o - a ring of protection from cold (left claw)
Scrolls
 c - 2 scrolls of fog {unknown}
 e - 3 scrolls of enchant weapon {unknown}
 f - 4 scrolls of identify {unknown}
 k - 2 scrolls of remove curse
 m - a scroll of teleportation {unknown}
 q - a scroll of enchant armour {unknown}
 t - a scroll of immolation {unknown}
 u - a scroll of fear {unknown}
Potions
 h - 2 potions of invisibility {unknown}
 i - a potion of brilliance {unknown}
 j - a potion of agility {unknown}
 p - a potion of heal wounds {unknown}
 r - a potion of flight {unknown}
Comestibles
 d - 3 rations


   Skills:
 + Level 1.5 Fighting
 * Level 1.9 Short Blades
 + Level 1.0 Armour
 * Level 2.5 Dodging
 + Level 3.8 Stealth
 + Level 2.0 Spellcasting
 + Level 2.7 Hexes


You had 6 spell levels left.
You knew the following spells:

 Your Spells              Type           Power        Failure   Level  Hunger
a - Corona                Hex            #......      10%         1    ##.....

Your spell library contained the following spells:

 Spells                   Type           Power        Failure   Level  Hunger
 Confusing Touch          Hex            #.....       10%         1    ##.....
 Ensorcelled Hibernation  Hex/Ice        #.....       26%         2    ###....
 Animate Skeleton         Necr           N/A          30%         1    ##.....
 Apportation              Tloc           #.....       30%         1    ##.....
 Summon Small Mammal      Summ           #...         30%         1    ##.....
 Confuse                  Hex            #.......     30%         3    ####...
 Tukima's Dance           Hex            #.......     30%         3    ####...
 Sticks to Snakes         Tmut           #.......     43%         2    ###....
 Dazzling Spray           Conj/Hex       #.....       47%         3    ####...
 Beastly Appendage        Tmut           Unusable     N/A         1    N/A
 Spider Form              Tmut/Pois      Unusable     N/A         3    N/A
 Ice Form                 Ice/Tmut       Unusable     N/A         4    N/A
 Blade Hands              Tmut           Unusable     N/A         5    N/A

Dungeon Overview and Level Annotations

Branches:
Dungeon (4/15)
 Temple: D:4-7

Altars:
Ashenzari
Qazlal
Ru
Sif Muna
Yredelemnul


Innate Abilities, Weirdness & Mutations

Your body is rotting away.
You thrive on raw meat.
You are immune to poison.
You have sharp fingernails.
You are carnivorous and can eat meat at any time.
Your flesh is cold resistant. (rC+)
You are immune to negative energy. (rN+++)
You do not regenerate when monsters are visible.
You are immune to unholy pain and torment.
You can survive without breathing.


Message History

You barely miss the iguana.
The iguana is lightly wounded.
The iguana misses you.
You hit the iguana but do no damage.
The iguana is lightly wounded.
The iguana barely misses you.
You barely miss the iguana.
The iguana is lightly wounded.
The iguana bites you!
You hit the iguana but do no damage.
The iguana is lightly wounded.
The iguana bites you.
You hit the iguana.
The iguana is heavily wounded.
The iguana bites you!
* * * LOW HITPOINT WARNING * * *
You hit the iguana but do no damage.
The iguana is moderately wounded.
The iguana bites you!
You die...

##############
#............#
#.##########.#
#.#........#)#
#.#.######.#.# #.#.#
#.#.# ####
#.#.######@#.# ...#
#.#.#...##l#.#
##.####.#.#.#.##.#.#
.........>#.#.##.#.#
##..###.#.#.#.##.#.#
#..###.......##.#.#
#..........#.##.#.#
##.####..######.#.#
#.#............#.#


You could see an iguana.

Vanquished Creatures
  4 adders
  2 oozes
  2 dart slugs
  5 leopard geckos
  4 orcs (D:3)
  6 bats
  5 giant cockroaches
  4 goblins
  5 hobgoblins
  A quokka (D:3)
  7 frilled lizards
  7 kobolds
  5 rats
57 creatures vanquished.

Notes
Turn   | Place    | Note
-------+----------+-------------------------------------------
     0 | D:1      | Borgoz the Ghoul Enchanter began the quest for the Orb.
     0 | D:1      | Reached XP level 1. HP: 14/14 MP: 2/2
    50 | D:1      | Reached skill level 1 in Short Blades
   104 | D:1      | Reached XP level 2. HP: 11/22 MP: 3/3
   521 | D:1      | Reached XP level 3. HP: 21/27 MP: 4/4
  1322 | D:2      | Found a stormy altar of Qazlal.
  1322 | D:2      | Found a faded altar of an unknown god.
  1327 | D:2      | Found a deep blue altar of Sif Muna.
  1329 | D:2      | Found a shattered altar of Ashenzari.
  1331 | D:2      | Found a sacrificial altar of Ru.
  1388 | D:2      | Became a worshipper of Ashenzari the Shackled
  1443 | D:2      | Reached skill level 1 in Fighting
  1574 | D:2      | Reached XP level 4. HP: 34/34 MP: 6/6
  2181 | D:3      | Reached skill level 1 in Armour
  2272 | D:3      | Found a basalt altar of Yredelemnul.
  2431 | D:3      | Noticed a phantom
  2690 | D:4      | Slain by an iguana

Skill      XL: |  1  2  3  4 |
---------------+-------------+-----
Short Blades   | 1 |  1.9
Dodging        | 2 |  2.5
Fighting       | 1 |  1.5
Spellcasting   | 2 |  2.0
Armour         | 1 |  1.0
Stealth        | |  3.8
Hexes          | |  2.7

Action                   |  1- 3 |  4- 6 || total
-------------------------+-------+-------++-------
Melee: Dagger            |   149 |   143 ||   292
 Stab: Sleeping          |     7 |     4 ||    11
       Distracted        |     1 |       ||     1
  Eat: Chunk             |     5 |     8 ||    13
Armor: Robe              |    30 |    24 ||    54
Dodge: Dodged            |    92 |    69 ||   161
